 Dungeon Crawl Stone Soup version 0.27-a0-1154-gfdeffcb720 (webtiles) character file.

Game seed: 18332613792500609433

3750 chippings the Thaumaturge (level 9, -1/65 HPs)
             Began as a Mummy Necromancer on May 14, 2021.
             Slain by a hornet zombie (3 damage)
             ... on level 5 of the Dungeon.
             The game lasted 00:23:30 (10139 turns).

chippings the Thaumaturge (Mummy Necromancer)      Turns: 10139, Time: 00:23:31

Health: -1/65      AC:  4    Str: 15    XL:     9   Next: 93%
Magic:  21/21      EV: 12    Int: 17    God:
Gold:   390        SH: 11    Dex: 18    Spells: 10/24 levels left

rFire    x . .     SeeInvis .   p - +2 dagger (speed)
rCold    + + .     Faith    .   r - +1 buckler of the Falcon {Str+4 Dex+5}
rNeg     + + +     Spirit   .   c - +0 leather armour
rPois    ∞         Reflect  +   (no helmet)
rElec    .         Harm     .   (no cloak)
rCorr    .         Rampage  .   a - +0 pair of gloves
Will     +....                  (no boots)
Stlth    +++.......             i - amulet of reflection
HPRegen  0.20/turn              m - ring of protection from cold
MPRegen  0.17/turn              (no ring)

@: no status effects
A: cold resistance 1, negative energy resistance 3, torment resistance 2, heat
vulnerability 1, no potions
a: no special abilities


You were on level 5 of the Dungeon.
You visited 1 branch of the dungeon, and saw 7 of its levels.

You collected 390 gold pieces.

Inventory:

Hand Weapons
 d - a +3 dagger
 h - a +1 dagger of venom
 l - a +1 flail of protection
 p - a +2 dagger of speed (weapon)
Missiles
 f - 40 poisoned darts
 k - 2 throwing nets
 o - a curare-tipped dart
Armour
 a - a +0 pair of gloves (worn)
 c - a +0 leather armour (worn)
 r - the +1 buckler of the Falcon (worn) {Str+4 Dex+5}
   (You found it on level 7 of the Dungeon)

   It affects your strength (+4).
   It affects your dexterity (+5).
Jewellery
 i - an amulet of reflection (around neck)
 m - a ring of protection from cold (left hand)
Wands
 b - a wand of flame (21)
 j - a wand of polymorph (11)
 q - a wand of charming (2)
 s - a wand of mindburst (17)
Scrolls
 e - a scroll of magic mapping
 g - 2 scrolls of amnesia
 n - 4 scrolls of identify
 t - a scroll of fear


   Skills:
 - Level 4.0 Fighting
 - Level 4.0 Short Blades
 + Level 2.2 Dodging
 + Level 6.0 Stealth
 - Level 4.0 Shields
 + Level 8.4 Spellcasting
 + Level 7.9 Necromancy


You had 10 spell levels left.
You knew the following spells:

 Your Spells              Type           Power      Damage    Failure   Level
a - Pain                  Necr           100%       1d9       1%          1
b - Animate Skeleton      Necr           68%        N/A       1%          1
c - Vampiric Draining     Necr           17%        2d8       1%          3
d - Animate Dead          Necr           17%        N/A       4%          4
e - Agony                 Necr           34%        N/A       13%         5

Your spell library contained the following spells:

 Spells                   Type           Power      Damage    Failure   Level
 Foxfire                  Conj/Fire      28%        2x1d5     12%         1
 Magic Dart               Conj           28%        1d4       12%         1
 Sandblast                Erth           14%        2d6       12%         1
 Passwall                 Tmut/Erth      5%         N/A       19%         2
 Searing Ray              Conj           14%        3d3       19%         2
 Conjure Flame            Conj/Fire      7%         6-21      36%         3
 Dazzling Flash           Conj/Hex       14%        N/A       36%         3
 Inner Flame              Hex/Fire       7%         N/A       36%         3
 Stone Arrow              Conj/Erth      14%        3d7       36%         3
 Fulminant Prism          Conj/Hex       3%         3d6       77%         4
 Iskenderun's Mystic Bla  Conj/Tloc      7%         2d4       77%         4
 Petrify                  Tmut/Erth      7%         N/A       77%         4
 Sticky Flame             Conj/Fire      7%         2d3       77%         4
 Fireball                 Conj/Fire      3%         3d4       98%         5
 Lee's Rapid Deconstruct  Erth           3%         3d6*      98%         5


Dungeon Overview and Level Annotations

Branches:
Dungeon (7/15)
 Temple: D:4-7

Altars:
Cheibriados
Okawaru
Qazlal

Annotations:
D:4 Sigmund
D:5 2 transporters, MisterAzrael's ghost, novice DsFi


Innate Abilities, Weirdness & Mutations

You are immune to poison.
Your flesh is cold resistant. (rC+)
You are immune to negative energy. (rN+++)
You are immune to unholy pain and torment.
You are vulnerable to heat. (rF-)
You do not drink.


Message History

* * * LOW HITPOINT WARNING * * *
You hit the hornet zombie.
The hornet zombie is severely damaged.
Press: ? - help, v - describe, . - travel
Here: a hornet zombie (severely damaged)
The floor.
Aiming: Throw Flame
Press: ? - help, Shift-Dir - straight line, f - hornet zombie
Aim: a hornet zombie (severely damaged, 72% to hit)
The puff of flame hits the hornet zombie.
The hornet zombie is almost destroyed.
The hornet zombie misses you. The hornet zombie hits you.
* * * LOW HITPOINT WARNING * * *
Okay, then.
Aiming: Throw Flame
Press: ? - help, Shift-Dir - straight line, f/p - hornet zombie
Aim: a hornet zombie (almost destroyed, 72% to hit)
The puff of flame hits the hornet zombie but does no damage.
The hornet zombie is almost destroyed.
The hornet zombie hits you but does no damage.
Unknown command.
Aiming: Throw Flame
Press: ? - help, Shift-Dir - straight line, f/p - hornet zombie
Aim: a hornet zombie (almost destroyed, 72% to hit)
The puff of flame hits the hornet zombie.
The hornet zombie is almost destroyed.
The hornet zombie hits you.
* * * LOW HITPOINT WARNING * * *
You hit the hornet zombie but do no damage.
The hornet zombie is almost destroyed.
The hornet zombie closely misses you.
You hit the hornet zombie but do no damage.
The hornet zombie is almost destroyed.
You block the hornet zombie's attack.
You hit the hornet zombie but do no damage.
The hornet zombie is almost destroyed.
You closely miss the hornet zombie.
The hornet zombie is almost destroyed.
The hornet zombie hits you.
You die...

.....###################..#....#.
.......<.............###..##.....
...#.#..........###..##..........
...#............###..##.####.....
...#..............(..##.########.
...#.............##..#......# #.
...#.............##..######.# #.
............)###........# #.# #.
...#..#.#####...@.#####.###.# #(
..............###Z....#.....# .
#....#####...## #####..###..####.
........[....# .... ##[..........
#....#.####.##..#5.. ##.##.#####.
....>#.####.#.#...#..©#.##.#
............# .#.##..##.##.#
............##.#...#.#©..#.#
.............#$#.. .##..#.####


You could see a quasit (wandering) and a hornet zombie.

Vanquished Creatures
  A two-headed ogre (D:5)
  Pikel (D:6)
  3 yaks
  2 humans (D:6)
  Eustachio (D:4)
  A water moccasin (D:7)
  An orc warrior (D:3)
  An ice beast (D:6)
  An ogre (D:6)
  A necrophage (D:4)
  A centaur (D:7)
  A phantom (D:5)
  2 lemures
  A kobold brigand (D:7)
  3 scorpions
  A water moccasin zombie (D:5)
  2 wyvern skeletons
  2 centaur zombies (D:5)
  A centaur skeleton (D:4)
  3 hounds
  2 jellies (D:5)
  A gnoll shaman (D:7)
  3 orc priests
  2 iguanas
  Ijyb (D:3)
  4 orc wizards
  A howler monkey zombie (D:7)
  6 gnolls
  9 adders
  An ufetubus (D:4)
  A worm (D:2)
  2 dart slugs (D:1)
  24 orcs
  5 endoplasms
  6 giant cockroaches
  6 goblins
  6 hobgoblins
  2 quokkas
  6 ball pythons
  3 bats
  4 frilled lizards
  9 kobolds
  7 rats
141 creatures vanquished.

Vanquished Creatures (collateral kills)
  An orc priest (D:6)
  An adder (D:6)
  An orc (D:6)
3 creatures vanquished.

Grand Total: 144 creatures vanquished

Notes
Turn   | Place    | Note
-------+----------+-------------------------------------------
     0 | D:1      | chippings the Mummy Necromancer began the quest for the
                  | Orb.
     0 | D:1      | Reached XP level 1. HP: 13/13 MP: 4/4
   363 | D:1      | Reached skill level 3 in Spellcasting
   442 | D:1      | Reached XP level 2. HP: 19/20 MP: 3/6
   679 | D:1      | Reached skill level 1 in Fighting
   848 | D:1      | Learned a level 1 spell: Animate Skeleton
  1297 | D:2      | Found a faded altar of an unknown god.
  1319 | D:2      | Reached XP level 3. HP: 23/26 MP: 7/7
  1854 | D:2      | Reached XP level 4. HP: 25/33 MP: 3/9
  1869 | D:2      | Reached skill level 1 in Short Blades
  2091 | D:2      | Learned a level 3 spell: Vampiric Draining
  2764 | D:3      | Found a glowing drain.
  2764 | D:3      | Noticed Ijyb
  2793 | D:2      | Reached XP level 5. HP: 21/38 MP: 5/10
  2987 | D:3      | HP: 1/38 [Ijyb/puff of flame (13)]
  2988 | D:3      | Killed Ijyb
  2989 | D:3      | Reached skill level 4 in Spellcasting
  3741 | D:3      | Reached XP level 6. HP: 40/46 MP: 8/12
  3826 | D:3      | Learned a level 4 spell: Animate Dead
  4038 | D:4      | Noticed Sigmund
  4181 | D:4      | Noticed an orc warrior
  4193 | D:4      | Reached skill level 5 in Necromancy
  4208 | D:3      | Killed an orc warrior
  4552 | D:4      | Noticed Eustachio
  4695 | D:4      | Killed Eustachio
  4696 | D:4      | Reached skill level 5 in Spellcasting
  4696 | D:4      | Reached XP level 7. HP: 17/52 MP: 14/14
  4937 | D:4      | Learned a level 5 spell: Agony
  5755 | D:5      | Entered Level 5 of the Dungeon
  5785 | D:5      | Found a transporter.
  6594 | D:5      | Reached skill level 1 in Shields
  6619 | D:5      | Found a snail-covered altar of Cheibriados.
  6697 | D:5      | You fall into a shaft and drop 2 floors!
  6701 | D:7      | Reached XP level 8. HP: 47/60 MP: 10/16
  6810 | D:7      | Reached skill level 6 in Spellcasting
  7369 | D:7      | Identified the +1 buckler of the Falcon {Str+4 Dex+5}
  7741 | D:6      | Reached skill level 7 in Spellcasting
  7759 | D:6      | Reached skill level 5 in Stealth
  7966 | D:6      | Reached XP level 9. HP: 62/65 MP: 14/19
  8288 | D:5      | Noticed Pikel
  8338 | D:5      | Found a transporter.
  8344 | D:5      | Noticed a two-headed ogre
  8355 | D:5      | Killed a two-headed ogre
  9231 | D:5      | Reached skill level 8 in Spellcasting
  9456 | D:5      | Noticed MisterAzrael's ghost (novice DsFi)
  9766 | D:6      | Found a stormy altar of Qazlal.
  9857 | D:6      | Found an iron altar of Okawaru.
  9898 | D:6      | Killed Pikel
 10135 | D:5      | HP: 1/65 [hornet zombie (4)]
 10139 | D:5      | Slain by a hornet zombie

Illustrated notes

Levels and vault maps discovered:
D:1:      lightli_iron_boxes, layout_loops_corners
D:2:      cheibrodos_pilgrimage, layout_loops_ring,
          chequers_ecumenical_altar_simple_redux, minmay_split_cup_small
D:3:      layout_rooms, gup_sewer_entry_glass, mrwooster_statue_mirror,
          st_stairs_7, uniq_ijyb
D:4:      layout_cave_pods, uniq_eustachio, uniq_sigmund
D:5:      layout_basic, kennysheep_little_box, gammafunk_ghost_stat_death,
          uniq_pikel
D:6:      layout_basic, general_overflow_altar, overflow_temple_1_default,
          lemuel_tele_altar, minmay_temple_entry_tees, minmay_ruffians
D:7:      layout_loops_ring, chequers_temple_overflow_statue_of_worship,
          kb_lookout_dungeons_type, minmay_misc_feat_columns,
          minmay_misc_feat_enclosed

Skill      XL: |  1  2  3  4  5  6  7  8  9 |
---------------+----------------------------+-----
Spellcasting   | 3 4 5 7 8 |  8.4
Fighting       | 1 2 3 4 |  4.0
Stealth        | 2 3 4 5 6 |  6.0
Short Blades   | 1 2 4 |  4.0
Necromancy     | 5 6 7 |  7.9
Shields        | 1 3 4 |  4.0
Dodging        | 2 |  2.2

Action                   |  1- 3 |  4- 6 |  7- 9 || total
-------------------------+-------+-------+-------++-------
Melee: Short sword       |    30 |       |       ||    30
       Dagger            |    33 |   166 |   489 ||   688
 Cast: Pain              |    38 |    28 |    24 ||    90
       Vampiric Draining |       |     5 |    41 ||    46
       Animate Skeleton  |       |       |     1 ||     1
Evoke: Wand              |       |       |     5 ||     5
  Use: Scroll            |       |     4 |     4 ||     8
 Stab: Sleeping          |     2 |     4 |     5 ||    11
       Paralysed         |       |       |     3 ||     3
Armor: Leather armour    |    16 |    43 |    56 ||   115
Dodge: Dodged            |    41 |   111 |   154 ||   306
Block: Other             |       |    20 |     6 ||    26
       Reflection        |       |     1 |     3 ||     4
       Buckler           |       |       |   159 ||   159

Table legend: (Time is in decaauts)
 A = Elapsed time spent in this place.
 B = Non-inter-level travel time spent in this place.
 C = Inter-level travel time spent in this place.
 D = Time resting spent in this place.
 E = Time spent auto-exploring this place.
 F = Levels seen in this place.
 G = Mean time per level.
                   A        B        C        D        E       F      G
               +--------+--------+--------+--------+--------+-----+--------+
         Total |  10014 |   9804 |    210 |   2516 |   4464 |   7 | 1430.6 |
       Dungeon |  10014 |   9804 |    210 |   2516 |   4464 |   7 | 1430.6 |
               +--------+--------+--------+--------+--------+-----+--------+

Top non-repeatable levels by time:
     D:5: 2092 daAuts
     D:4: 2023 daAuts
     D:1: 1757 daAuts
     D:2: 1483 daAuts
     D:3: 1195 daAuts
     D:7: 733 daAuts
     D:6: 729 daAuts
